[ AOE2 MATCH · #457328126 ]
1v1 RMKhmer vs Malians
Player's team · LOSS
Rival team · WIN
[ REPLAY ANALYSIS · EXTRACTED FROM THE RECORDED GAME ]
Feudal
11:39
Castle
21:06
Imperial
—
| APM avg | 45.2 |
| APM peak | 83 |
| eAPM avg | 20.3 |
| Villagers / military | 76 / 158 |
Focus
⚔️ 25.8% · 🌾 74.2%
Archer ×95 · Scout Cavalry ×33 · Mangonel ×20 · Militia ×6 · Skirmisher ×4
Feudal
10:42
Castle
21:41
Imperial
—
| APM avg | 38.0 |
| APM peak | 70 |
| eAPM avg | 19.9 |
| Villagers / military | 78 / 57 |
Focus
⚔️ 34.4% · 🌾 65.6%
Militia ×33 · Skirmisher ×12 · Mangonel ×6 · Battering Ram ×4 · Spearman ×2
Match map
Initial resources + every placement click. Lines = walls · curves = elevation contours. ◆ gold · ⬟ stone · ● berries · ✦ relic · ◌ wall gap
Your base· Open — unwalled flank
Lord Megatron's base· Open — unwalled flank
Smoothed initial terrain · ◌ = detected wall gap · hover for details
Inputs per minute
— ILIKETURTLES - - Lord Megatron
Build order — ILIKETURTLES
First 150 of 224 actions detected
| 0:01 | Create | Villager (Male) ×4 |
| 0:02 | Create | Villager (Male) |
| 0:03 | Build | House |
| 0:04 | Build | House |
| 1:44 | Create | Villager (Male) |
| 1:44 | Create | Villager (Male) |
| 1:58 | Build | Lumber Camp |
| 2:07 | Create | Villager (Male) |
| 2:07 | Create | Villager (Male) |
| 2:39 | Create | Villager (Male) |
| 2:39 | Create | Villager (Male) |
| 3:22 | Create | Villager (Male) |
| 3:22 | Create | Villager (Male) |
| 3:50 | Create | Villager (Male) |
| 3:50 | Create | Villager (Male) |
| 3:55 | Build | House |
| 4:35 | Create | Villager (Male) |
| 4:35 | Create | Villager (Male) |
| 4:35 | Create | Villager (Male) |
| 4:50 | Create | Villager (Male) |
| 4:50 | Create | Villager (Male) |
| 5:46 | Create | Villager (Male) |
| 5:47 | Create | Villager (Male) |
| 5:47 | Create | Villager (Male) |
| 5:47 | Create | Villager (Male) |
| 5:50 | Build | House |
| 5:59 | Build | Barracks |
| 6:18 | Research | Loom |
| 7:11 | Create | Militia |
| 7:11 | Create | Militia |
| 7:17 | Build | Mill |
| 7:32 | Build | Mining Camp |
| 7:36 | Create | Villager (Male) |
| 9:29 | Research | Feudal Age |
| 9:29 | Research | Feudal Age |
| 10:06 | Create | Militia |
| 10:07 | Create | Militia |
| 10:35 | Build | House |
| 10:39 | Create | Villager (Male) |
| 11:11 | Create | Militia |
| 11:24 | Build | Farm |
| 11:29 | Build | Farm |
| 11:39 | Age | Feudal Age |
| 11:56 | Create | Militia |
| 12:01 | Research | Arson |
| 12:01 | Research | Arson |
| 12:13 | Create | Villager (Male) |
| 12:28 | Build | Farm |
| 12:29 | Build | Farm |
| 12:29 | Build | Farm |
| 12:29 | Build | Farm |
| 12:29 | Build | Farm |
| 12:32 | Create | Villager (Male) |
| 13:05 | Research | Man-at-Arms (upgrade) |
| 13:06 | Research | Man-at-Arms (upgrade) |
| 13:18 | Build | Blacksmith |
| 13:21 | Create | Villager (Male) |
| 13:59 | Create | Villager (Male) |
| 14:00 | Create | Villager (Male) |
| 14:01 | Create | Villager (Male) |
| 14:01 | Create | Villager (Male) |
| 14:05 | Build | Farm |
| 14:53 | Create | Villager (Male) |
| 14:56 | Build | Farm |
| 14:57 | Create | Villager (Male) |
| 14:59 | Create | Villager (Male) |
| 14:59 | Create | Villager (Male) |
| 15:00 | Create | Villager (Male) |
| 15:03 | Build | Farm |
| 15:37 | Create | Villager (Male) |
| 15:37 | Create | Villager (Male) |
| 15:38 | Create | Villager (Male) |
| 15:43 | Create | Villager (Male) |
| 15:48 | Build | Farm |
| 15:51 | Build | Farm |
| 15:52 | Build | Farm |
| 16:06 | Research | Double-Bit Axe |
| 16:10 | Research | Wheelbarrow |
| 16:13 | Create | Villager (Male) |
| 16:15 | Build | Farm |
| 16:18 | Build | House |
| 16:22 | Build | House |
| 17:26 | Build | Lumber Camp |
| 18:22 | Create | Villager (Male) |
| 18:24 | Research | Castle Age |
| 18:25 | Research | Castle Age |
| 19:12 | Build | Archery Range |
| 19:38 | Build | House |
| 19:53 | Build | Archery Range |
| 20:16 | Create | Archer |
| 20:21 | Create | Archer |
| 20:37 | Create | Villager (Male) |
| 20:38 | Create | Villager (Male) |
| 20:38 | Create | Villager (Male) |
| 20:38 | Create | Villager (Male) |
| 20:38 | Create | Villager (Male) |
| 20:38 | Create | Villager (Male) |
| 20:39 | Create | Villager (Male) |
| 20:39 | Create | Villager (Male) |
| 21:06 | Age | Castle Age |
| 21:10 | Research | Crossbowman (upgrade) |
| 21:12 | Create | Archer |
| 21:15 | Create | Archer |
| 21:16 | Create | Archer |
| 21:17 | Create | Archer |
| 21:25 | Build | House |
| 21:35 | Create | Archer |
| 21:39 | Create | Villager (Male) |
| 21:58 | Build | Farm |
| 22:10 | Create | Archer |
| 22:11 | Create | Archer |
| 22:21 | Research | Fletching |
| 22:50 | Build | Lumber Camp |
| 22:54 | Create | Villager (Male) |
| 23:00 | Research | Bodkin Arrow |
| 23:17 | Create | Archer |
| 23:18 | Create | Archer |
| 23:18 | Create | Archer |
| 23:47 | Create | Archer |
| 23:47 | Create | Archer |
| 23:48 | Create | Archer |
| 23:49 | Create | Archer |
| 23:55 | Create | Villager (Male) |
| 23:59 | Research | Gold Mining |
| 24:04 | Create | Archer ×2 |
| 24:56 | Build | House |
| 24:57 | Build | House |
| 24:57 | Build | House |
| 24:57 | Build | House |
| 25:13 | Create | Archer ×4 |
| 25:13 | Create | Archer ×4 |
| 25:14 | Create | Archer ×4 |
| 25:17 | Build | House |
| 25:35 | Create | Archer |
| 25:35 | Create | Archer |
| 25:35 | Create | Archer |
| 25:40 | Build | House |
| 25:41 | Build | House |
| 25:43 | Create | Villager (Male) |
| 27:39 | Create | Villager (Male) ×5 |
| 27:42 | Create | Archer ×5 |
| 27:43 | Create | Archer ×5 |
| 27:43 | Create | Archer ×5 |
| 27:43 | Create | Archer ×2 |
| 28:22 | Build | Farm |
| 28:22 | Build | Farm |
| 28:22 | Build | Farm |
| 28:22 | Build | Farm |
| 28:23 | Build | Farm |
| 28:24 | Create | Villager (Male) ×5 |
Build order — Lord Megatron
First 150 of 220 actions detected
| 0:00 | Create | Villager (Male) |
| 0:01 | Create | Villager (Male) ×3 |
| 0:02 | Build | House |
| 0:05 | Build | House |
| 1:19 | Create | Villager (Male) |
| 1:44 | Create | Villager (Male) |
| 1:44 | Create | Villager (Male) |
| 2:10 | Create | Villager (Male) |
| 2:35 | Research | Loom |
| 2:57 | Create | Villager (Male) |
| 2:57 | Create | Villager (Male) |
| 3:19 | Build | Lumber Camp |
| 3:23 | Create | Villager (Male) |
| 3:23 | Create | Villager (Male) |
| 3:53 | Create | Villager (Male) |
| 3:53 | Create | Villager (Male) |
| 4:03 | Create | Villager (Male) |
| 4:04 | Create | Villager (Male) |
| 4:36 | Build | House |
| 4:41 | Build | House |
| 4:43 | Create | Villager (Male) |
| 5:41 | Create | Villager (Male) |
| 5:41 | Create | Villager (Male) |
| 6:20 | Create | Villager (Male) |
| 7:05 | Create | Villager (Male) |
| 7:37 | Create | Villager (Male) |
| 7:39 | Build | Mill |
| 8:07 | Create | Villager (Male) |
| 8:25 | Research | Feudal Age |
| 10:35 | Build | Farm |
| 10:41 | Build | Farm |
| 10:42 | Age | Feudal Age |
| 10:52 | Build | Farm |
| 10:59 | Create | Villager (Male) |
| 11:00 | Create | Villager (Male) |
| 11:01 | Research | Double-Bit Axe |
| 11:03 | Build | House |
| 11:06 | Build | House |
| 11:19 | Build | Barracks |
| 11:30 | Build | Farm |
| 11:31 | Create | Villager (Male) |
| 11:52 | Research | Man-at-Arms (upgrade) |
| 11:58 | Build | Farm |
| 12:08 | Build | Blacksmith |
| 12:19 | Create | Villager (Male) |
| 12:57 | Create | Villager (Male) |
| 13:12 | Build | Mining Camp |
| 13:14 | Create | Villager (Male) |
| 13:25 | Create | Villager (Male) |
| 13:52 | Build | Farm |
| 13:53 | Research | Scale Mail Armor |
| 13:58 | Build | Palisade Wall |
| 14:00 | Build | Palisade Wall |
| 14:05 | Build | Palisade Wall |
| 14:09 | Build | Palisade Wall |
| 14:11 | Build | Palisade Wall |
| 14:23 | Create | Villager (Male) |
| 14:25 | Create | Militia |
| 14:37 | Build | Palisade Wall |
| 14:46 | Create | Villager (Male) |
| 14:52 | Build | Barracks |
| 15:03 | Build | Farm |
| 15:09 | Create | Villager (Male) |
| 15:10 | Create | Militia |
| 15:19 | Build | Farm |
| 15:25 | Create | Villager (Male) |
| 15:27 | Create | Spearman |
| 15:43 | Build | House |
| 15:47 | Build | House |
| 15:51 | Create | Villager (Male) |
| 15:58 | Create | Militia |
| 15:59 | Create | Militia |
| 16:04 | Research | Town Watch |
| 16:04 | Create | Villager (Male) |
| 16:19 | Build | House |
| 16:23 | Build | Farm |
| 16:42 | Build | Farm |
| 16:45 | Build | Farm |
| 16:47 | Build | Farm |
| 16:50 | Create | Villager (Male) |
| 16:54 | Build | Farm |
| 16:54 | Build | Farm |
| 17:17 | Create | Villager (Male) |
| 17:27 | Build | Farm |
| 17:46 | Create | Villager (Male) |
| 17:50 | Build | Farm |
| 18:11 | Create | Villager (Male) |
| 18:24 | Build | Market |
| 18:31 | Create | Villager (Male) |
| 18:36 | Build | Farm |
| 18:43 | Build | Farm |
| 18:46 | Research | Forging |
| 19:01 | Research | Castle Age |
| 19:01 | Research | Castle Age |
| 19:21 | Research | Gold Mining |
| 19:25 | Research | Forging |
| 19:46 | Research | Arson |
| 20:06 | Create | Villager (Male) |
| 20:07 | Create | Villager (Male) |
| 20:42 | Build | Farm |
| 20:42 | Build | Farm |
| 20:43 | Build | Farm |
| 20:44 | Build | Farm |
| 20:55 | Create | Villager (Male) |
| 21:13 | Build | Farm |
| 21:41 | Age | Castle Age |
| 22:00 | Build | Siege Workshop |
| 22:10 | Research | Long Swordsman (upgrade) |
| 22:10 | Research | Squires |
| 22:12 | Research | Iron Casting |
| 22:14 | Research | Chain Mail Armor |
| 22:34 | Create | Villager (Male) |
| 22:46 | Research | Horse Collar |
| 23:10 | Create | Villager (Male) |
| 23:23 | Create | Militia ×5 |
| 23:28 | Build | House |
| 23:31 | Build | House |
| 23:32 | Build | House |
| 23:35 | Build | House |
| 23:39 | Create | Villager (Male) |
| 24:03 | Create | Battering Ram |
| 24:17 | Create | Villager (Male) |
| 24:17 | Create | Villager (Male) |
| 25:01 | Build | Watch Tower |
| 25:17 | Build | Archery Range |
| 25:22 | Create | Villager (Male) |
| 25:22 | Create | Villager (Male) |
| 26:04 | Create | Villager (Male) |
| 26:04 | Create | Villager (Male) |
| 26:07 | Create | Skirmisher |
| 26:07 | Create | Skirmisher |
| 26:16 | Create | Villager (Male) |
| 26:28 | Build | Mining Camp |
| 26:43 | Create | Skirmisher |
| 27:18 | Create | Villager (Male) |
| 27:33 | Create | Villager (Male) |
| 28:02 | Create | Villager (Male) |
| 28:13 | Create | Villager (Male) |
| 28:15 | Create | Battering Ram |
| 28:16 | Create | Battering Ram |
| 28:31 | Create | Skirmisher |
| 28:31 | Create | Skirmisher |
| 28:58 | Create | Villager (Male) |
| 29:01 | Create | Battering Ram |
| 29:06 | Create | Militia ×5 |
| 29:06 | Create | Militia ×5 |
| 29:13 | Build | Town Center |
| 29:24 | Research | Elite Skirmisher (upgrade) |
| 29:27 | Create | Skirmisher |
| 29:38 | Research | Bow Saw |
Match timeline
| 5:59 | ILIKETURTLES · first_building Barracks |
| 10:42 | Lord Megatron · age_up feudal |
| 11:19 | Lord Megatron · first_building Barracks |
| 11:39 | ILIKETURTLES · age_up feudal |
| 13:58 | Lord Megatron · wall_segment Palisade Wall x1 |
| 14:00 | Lord Megatron · wall_segment Palisade Wall x1 |
| 14:05 | Lord Megatron · wall_segment Palisade Wall x1 |
| 14:09 | Lord Megatron · wall_segment Palisade Wall x1 |
| 14:11 | Lord Megatron · wall_segment Palisade Wall x1 |
| 14:37 | Lord Megatron · wall_segment Palisade Wall x1 |
| 19:12 | ILIKETURTLES · first_building Archery Range |
| 21:06 | ILIKETURTLES · age_up castle |
| 21:41 | Lord Megatron · age_up castle |
| 22:00 | Lord Megatron · first_building Siege Workshop |
| 25:17 | Lord Megatron · first_building Archery Range |
| 26:24 | Lord Megatron · first_market_buy 100 wood |
| 28:52 | ILIKETURTLES · first_building Stable |
| 29:00 | ILIKETURTLES · first_building Siege Workshop |
| 31:32 | ILIKETURTLES · first_market_sell 100 food |
| 34:05 | ILIKETURTLES · wall_segment Palisade Wall x1 |
| 34:12 | ILIKETURTLES · wall_segment Palisade Wall x1 |
| 38:54 | ILIKETURTLES · resign |
[ AI ANALYSIS · 1 CREDIT ]
What really happened in this match?
Wolo.gg analyzes every decision: build order, eco, micro, common mistakes by bracket. Personalized analysis on WhatsApp or Discord in 30 seconds.
Civ guide
Khmer
Map guide
Arabia
Perfil
Jugador #4613279